 Dungeon Crawl Stone Soup version 0.23.2-30-g0e89c35649 (webtiles) character file.

Game seed: 2250838394468814939

3553 Mrkan the Blocker (level 10, -2/82 HPs)
             Began as a Formicid Fighter on June 23, 2019.
             Was a Follower of Yredelemnul.
             Slain by a killer bee (3 damage)
             ... on level 9 of the Dungeon.
             The game lasted 00:14:06 (6475 turns).

Mrkan the Blocker (Formicid Fighter)                Turns: 6475, Time: 00:14:07

Health: -2/82      AC: 13    Str: 21    XL:     10   Next: 30%
Magic:  14/14      EV:  7    Int:  8    God:    Yredelemnul [*.....]
Gold:   439        SH: 11    Dex: 13    Spells: 9/9 levels left

rFire    . . .     SeeInvis +   d - +4 dire flail
rCold    + . .     Gourm    .   c - +0 shield
rNeg     . . .     Faith    .   C - +0 chain mail
rPois    .         Spirit   .   (helmet unavailable)
rElec    .         Reflect  .   u - +0 cloak
rCorr    .         Harm     .   (no gloves)
MR       +....                  b - +0 pair of boots
Stlth    ..........             (no amulet)
HPRegen  0.23/turn              g - +2 ring of protection
MPRegen  0.14/turn              q - ring of protection from cold

@: lethally poisoned (-2 -> -22), very slow
A: permanent stasis, dig shafts and tunnels, four strong arms, antennae 3
a: Dig, Shaft Self, Animate Remains, Renounce Religion


You were on level 9 of the Dungeon.
You worshipped Yredelemnul.
Yredelemnul was aware of your devotion.
You were not hungry.

You visited 2 branches of the dungeon, and saw 9 of its levels.
You also visited: Sewer.

You collected 439 gold pieces.

Inventory:

Hand Weapons
 d - a +4 dire flail (weapon)
 v - a +2 flail of draining
 A - a +0 mace of protection
Armour
 b - a +0 pair of boots (worn)
 c - a +0 shield (worn)
 u - a +0 cloak (worn)
 C - a +0 chain mail (worn)
Jewellery
 g - a +2 ring of protection (left hand)
 q - a ring of protection from cold (right hand)
 y - an uncursed ring of resist corrosion
Wands
 E - a wand of disintegration (9)
 G - a wand of polymorph (11)
 K - a wand of scattershot (6)
Scrolls
 h - 2 scrolls of teleportation {unknown}
 i - a scroll of blinking {unknown}
 l - a scroll of fear {unknown}
 n - 9 scrolls of identify
 o - 3 scrolls of enchant armour {unknown}
 p - 5 scrolls of remove curse
 r - a scroll of random uselessness {unknown}
 w - 3 scrolls of amnesia {unknown}
 x - 3 scrolls of enchant weapon {unknown}
 B - 2 scrolls of noise {unknown}
 H - a scroll of fog {unknown}
Potions
 a - a potion of degeneration {unknown}
 e - a potion of haste {unknown}
 j - 3 potions of berserk rage {unknown}
 k - 2 potions of curing
 m - a potion of flight {unknown}
 s - 2 potions of invisibility {unknown}
 t - 2 potions of agility {unknown}
 z - a potion of cancellation {unknown}
 D - a potion of brilliance {unknown}
 F - 2 potions of heal wounds {unknown}
 I - a potion of might
Comestibles
 f - 11 rations
 J - 4 chunks of flesh


   Skills:
 + Level 8.5 Fighting
 * Level 9.0 Maces & Flails
 - Level 3.2 Armour
 - Level 9.0 Shields
 + Level 5.8 Invocations


You had 9 spell levels left.
You didn't know any spells.
Your spell library was empty.

Dungeon Overview and Level Annotations

Branches:
Dungeon (7/15)             Temple (1/1) D:6

Altars:
Ashenzari
Cheibriados
Dithmenos
Elyvilon
Fedhas
Hepliaklqana
Kikubaaqudgha
Nemelex Xobeh
Qazlal
Ru
Sif Muna
Trog
Uskayaw
Vehumet
Wu Jian
Xom
Yredelemnul
Zin
The Shining One

Shops:
D:7 }


Innate Abilities, Weirdness & Mutations

You cannot be hasted, slowed, berserked, paralysed or teleported.
You can dig through walls and to a lower floor.
Your four strong arms can wield two-handed weapons with a shield.
You have a pair of large antennae on your head. (SInv)


Message History

You feel very sick.
The killer bee stings you but does no damage.
You block the killer bee's attack.
The killer bee stings you but does no damage.
The killer bee closely misses you.
The killer bee stings you but does no damage. x2
You block the killer bee's attack.
Unknown command.
You can't shaft yourself on this terrain.
Unknown command.
* * * LOW HITPOINT WARNING * * *
You feel very sick. You block the killer bee's attack.
The killer bee stings you but does no damage. x2
The killer bee stings you!
* * * LOW HITPOINT WARNING * * *
The killer bee barely misses you. You block the killer bee's attack.
The killer bee stings you.
You die...
Your body rises from the dead as a mindless zombie.

....##......##..........#######..
....##......##.<.................
.....#...........................
.....#...........................
....##..)...............##...####
....##..................##...##..
....##.........≈........#....(...
....##'#####...≈≈≈.≈....'........
.....'........≈y@y≈.....#....(...
######........≈yyy≈.....#####....
....##._.....≈≈≈y≈≈..#####.######
...............≈≈≈≈≈........#
.............≈..≈≈..........#
............................#
....##########.....#.......##
##'###......##....##.......##
.....#......................#


You could see 6 killer bees.

Vanquished Creatures
  Erolcha (D:9)
  A polar bear (D:9)
  A hippogriff (D:9)
  A yak (D:9)
  3 ice beasts
  3 ogres
  A centaur (D:9)
  2 big kobolds (D:9)
  4 bullfrogs
  A scorpion (D:7)
  5 wights (D:9)
  2 howler monkeys
  An electric eel (D:9)
  5 crimson imps
  2 hounds
  4 orc priests (D:5)
  A water moccasin simulacrum (D:9)
  3 orc wizards
  An iguana (D:4)
  2 worker ants (D:4)
  A bullfrog simulacrum (D:9)
  2 hound skeletons (D:5)
  Robin (D:3)
  3 gnolls (D:2)
  11 adders
  A shadow imp (D:2)
  4 white imps (D:9)
  An ooze (D:4)
  An adder skeleton (D:9)
  3 worms
  2 dart slugs (D:1)
  10 leopard geckos
  14 orcs
  6 bats
  10 giant cockroaches
  16 goblins
  12 hobgoblins
  11 jackals
  2 quokkas
  9 ball pythons
  8 frilled lizards
  12 kobolds
  2 leopard gecko skeletons
  A quokka skeleton (D:6)
  17 rats
204 creatures vanquished.

Notes
Turn   | Place    | Note
-------+----------+-------------------------------------------
     0 | D:1      | Mrkan the Formicid Fighter began the quest for the Orb.
     0 | D:1      | Reached XP level 1. HP: 18/18 MP: 1/1
    74 | D:1      | Reached XP level 2. HP: 24/24 MP: 2/2
   248 | D:1      | Reached XP level 3. HP: 29/29 MP: 3/3
   804 | D:2      | Reached XP level 4. HP: 28/37 MP: 4/4
   844 | D:2      | Reached skill level 5 in Shields
  1318 | D:2      | Reached XP level 5. HP: 29/42 MP: 5/5
  1332 | D:2      | Found a shattered altar of Ashenzari.
  1814 | D:2      | Found a deep blue altar of Sif Muna.
  2044 | D:3      | Noticed Robin
  2054 | D:3      | Killed Robin
  2310 | D:3      | Reached XP level 6. HP: 38/49 MP: 6/6
  2350 | D:3      | Noticed an ogre
  2366 | D:3      | Killed an ogre
  2839 | D:4      | Reached XP level 7. HP: 47/55 MP: 7/7
  2933 | D:4      | Reached skill level 5 in Fighting
  3001 | D:4      | Noticed a moth of wrath
  3159 | D:4      | Found a bloodstained altar of Trog.
  3393 | D:5      | Entered Level 5 of the Dungeon
  3437 | D:5      | Found a glowing drain.
  3442 | Sewer    | Entered a sewer
  3710 | Sewer    | Reached XP level 8. HP: 55/63 MP: 8/8
  3828 | D:5      | HP: 3/64 [orc priest/nerve-wracking pain (12)]
  4245 | D:5      | Reached skill level 5 in Maces & Flails
  4760 | D:6      | Found a staircase to the Ecumenical Temple.
  4767 | Temple   | Entered the Ecumenical Temple
  5071 | Temple   | Became a worshipper of Yredelemnul the Dark
  5416 | D:6      | Reached skill level 1 in Invocations
  5416 | D:6      | Reached XP level 9. HP: 71/71 MP: 9/9
  5560 | D:7      | Found Iczaoh's Gadget Shop.
  5584 | D:7      | You fall through a shaft for 2 floors!
  5617 | D:9      | Noticed a polar bear
  5628 | D:9      | Killed a polar bear
  5943 | D:9      | Noticed a hippogriff
  5954 | D:9      | Killed a hippogriff
  6051 | D:9      | Reached * piety under Yredelemnul
  6115 | D:9      | Found an ancient bone altar of Kikubaaqudgha.
  6173 | D:9      | Found a sacrificial altar of Ru.
  6209 | D:9      | Reached XP level 10. HP: 77/80 MP: 13/13
  6381 | D:9      | Noticed Erolcha
  6398 | D:9      | Killed Erolcha
  6398 | D:9      | Reached skill level 5 in Invocations
  6475 | D:9      | HP: 1/82 [killer bee (7)]
  6475 | D:9      | Slain by a killer bee

Skill      XL: |  1  2  3  4  5  6  7  8  9 10 |
---------------+-------------------------------+-----
Shields        | 4 5 6 7 9 |  9.0
Fighting       | 4 5 6 7 8 |  8.5
Maces & Flails | 3 4 5 8 9 |  9.0
Invocations    | 1 4 5 |  5.8
Armour         | |  3.2

Action                   |  1- 3 |  4- 6 |  7- 9 | 10-12 || total
-------------------------+-------+-------+-------+-------++-------
Melee: Flail             |   140 |   232 |   268 |       ||   640
       Dire flail        |       |       |    27 |    21 ||    48
 Abil: Shaft Self        |       |       |     1 |       ||     1
  Use: Scroll            |       |     1 |     1 |       ||     2
       Potion            |       |       |     1 |       ||     1
  Eat: Chunk             |       |     7 |     8 |     1 ||    16
       Ration            |       |       |     1 |       ||     1
Armor: Scale mail        |    58 |   120 |    49 |       ||   227
       Chain mail        |       |       |    78 |    14 ||    92
Dodge: Dodged            |    60 |   117 |   107 |    11 ||   295
Block: Shield            |    99 |   164 |   196 |    23 ||   482
